 Dungeon Crawl Stone Soup version 0.26.1-11-gd32895ea62 (webtiles) character file.

Game seed: 17731878995767658968

23 Descartes the Sneak (level 2, -3/12 HPs)
             Began as a Felid Transmuter on July 7, 2021.
             Slain by a leopard gecko (5 damage)
             ... on level 1 of the Dungeon on July 8, 2021.
             The game lasted 00:01:02 (527 turns).

Descartes the Sneak (Felid Transmuter)               Turns: 527, Time: 00:01:03

Health: -3/12      AC:  1    Str:  6    XL:     2   Next: 72%
Magic:  6/6        EV: 18    Int: 14    God:
Gold:   63         SH:  0    Dex: 16    Spells: 4/5 levels left
                                        Lives:  0   Deaths: 0

rFire    . . .     SeeInvis +     - Unarmed
rCold    . . .     Faith    .   (shield unavailable)
rNeg     . . .     Spirit   .   (armour unavailable)
rPois    .         Reflect  .   (helmet unavailable)
rElec    .         Harm     .   (cloak unavailable)
rCorr    .         Rampage  .   (gloves unavailable)
Will     .....                  (boots unavailable)
Stlth    +++.......             (no amulet)
HPRegen  0.04/turn              (no ring)
MPRegen  0.10/turn              (no ring)

@: quick
A: very small, no armour, no weapons or thrown items, stealth, claws 1, fangs 3,
see invisible, speed 1, shaggy fur 1, sharp paws
a: no special abilities


You were on level 1 of the Dungeon.
You visited 1 branch of the dungeon, and saw 1 of its levels.

You collected 63 gold pieces.

Inventory:

Scrolls
 a - a scroll of fear {unknown}
 b - a scroll of enchant armour {unknown}
 d - a scroll of identify {unknown}
Potions
 c - a potion of haste {unknown}
 e - 2 potions of degeneration {unknown}


   Skills:
 - Level 1.0 Fighting
 - Level 2.6 Dodging
 + Level 3.7 Stealth
 - Level 3.0 Unarmed Combat
 - Level 2.0 Spellcasting
 - Level 2.1 Transmutations


You had 4 spell levels left.
You knew the following spells:

 Your Spells              Type           Power        Failure   Level
a - Beastly Appendage     Tmut           14%          10%         1

Your spell library contained the following spells:

 Spells                   Type           Power        Failure   Level
 Wereblood                Tmut           7%           14%         2
 Spider Form              Tmut/Pois      2%           41%         3
 Ice Form                 Ice/Tmut       4%           83%         4
 Blade Hands              Tmut           3%           95%         5


Dungeon Overview and Level Annotations

Branches:
Dungeon (1/15)

Altars:


Innate Abilities, Weirdness & Mutations

You cannot wear armour.
You are incapable of wielding weapons or throwing items.
Your paws allow you to move quietly. (Stealth)
You have sharp claws.
You have razor-sharp teeth.
You have supernaturally acute eyesight. (SInv)
You cover ground quickly.
You are covered in fur. (AC +1)
Your sharp claws are effective at attacking unaware monsters.


Message History

The leopard gecko misses you.
The goblin hits you with a cursed +0 dagger.
You barely miss the kobold. You claw the kobold.
The kobold is severely wounded.
The kobold closely misses you. The leopard gecko closely misses you.
The goblin misses you.
You barely miss the kobold.
The kobold is severely wounded.
The kobold barely misses you. The leopard gecko misses you.
You scratch the kobold but do no damage.
The kobold is severely wounded.
The goblin hits you with a cursed +0 dagger.
The kobold closely misses you. The leopard gecko closely misses you.
You scratch the kobold but do no damage.
The kobold is severely wounded.
Your horns disappear.
The goblin hits you with a cursed +0 dagger.
* * * LOW HITPOINT WARNING * * *
The leopard gecko bites you.
You die...

### #######. ..# ####
....... ##.##...## #
#..... ........# #.
#....# #K).....#
#.##....########@g......
#.........>....(.l.....#
#.....†.................
#..........#####.##.....
#####...##.# #........
#...##.# ######..#
#)..##.# ..# #. #..###.#
.. .. #..# #†# ..


You could see a leopard gecko, a goblin and a kobold.

Vanquished Creatures
  A dart slug (D:1)
  2 giant cockroaches (D:1)
  2 goblins (D:1)
  3 hobgoblins (D:1)
  4 kobolds (D:1)
  A bat (D:1)
  2 frilled lizards (D:1)
  5 rats (D:1)
20 creatures vanquished.

Notes
Turn   | Place    | Note
-------+----------+-------------------------------------------
     0 | D:1      | Descartes the Felid Transmuter began the quest for the Orb.
     0 | D:1      | Reached XP level 1. HP: 9/9 MP: 4/4
    15 | D:1      | Reached skill level 1 in Stealth
   104 | D:1      | Reached XP level 2. HP: 10/12 MP: 6/6
   527 | D:1      | Slain by a leopard gecko

Illustrated notes

Levels and vault maps discovered:
D:1:      wander_arrival_desolate, layout_loops_ring

Skill      XL: |  1  2 |
---------------+-------+-----
Stealth        | 2 3 |  3.7
Fighting       | |  1.0
Dodging        | |  2.6
Unarmed Combat | |  3.0
Spellcasting   | |  2.0
Transmutations | |  2.1

Action                   || total
-------------------------++-------
Melee: Unarmed           ||    42
       Punch             ||     2
       Bite              ||     2
       Headbutt          ||     3
 Cast: Beastly Appendage ||    11
 Stab: Sleeping          ||     8
Armor: Skin              ||     2
Dodge: Dodged            ||    33
